 Dungeon Crawl Stone Soup version 0.18.1-8-gdd0e5ea (webtiles) character file.

8894 HaroldButt the Fighter (level 11, -29/60 HPs)
             Began as a Vine Stalker Monk on May 21, 2016.
             Was the Champion of Zin.
             Annihilated by a white ugly thing (34 damage)
             ... on level 11 of the Dungeon.
             The game lasted 00:46:50 (9397 turns).

HaroldButt the Fighter (Vine Stalker Monk)          Turns: 9397, Time: 00:46:51

Health: -29/60     AC: 14    Str: 16    XL:     11   Next: 38%
Magic:  0/12       EV: 16    Int: 10    God:    Zin [******]
Gold:   575        SH:  0    Dex: 18    Spells: 0 memorised, 10 levels left

rFire  + . .     SeeInvis .       - Unarmed
rCold  . . .     Gourm    .     u - +0 ring mail
rNeg   . . .     Faith    .     (no shield)
rPois  .         Spirit   +     o - +2 helmet
rElec  .         Dismiss  .     (no cloak)
rCorr  .         Reflect  .     j - +1 pair of gloves
SustAt .         Harm     .     (no boots)
MR     +....                    (no amulet)
Stlth  ++........               w - ring of protection from fire
                                f - +2 ring of protection

@: short of breath, somewhat resistant to hostile enchantments, unstealthy
A: fangs 3, regeneration 2, magic shield, antimagic bite, no device heal 3, rot
immunity
a: Recite, Vitalisation, Imprison, Sanctuary, Donate Gold, Cure All Mutations,
Renounce Religion


You were on level 11 of the Dungeon.
You worshipped Zin.
Zin was exalted by your worship.
You were near starving.

You visited 1 branch of the dungeon, and saw 11 of its levels.
You also visited: Sewer and Ossuary.

You collected 705 gold pieces.
You donated 130 gold pieces to Zin.

Inventory:

Hand Weapons
 p - a +0 blowgun
Missiles
 q - 3 curare-tipped needles
 v - 32 poisoned needles
Armour
 j - a +1 pair of gloves (worn)
 o - a +2 helmet (worn)
 u - a +0 ring mail (worn)
Jewellery
 f - a +2 ring of protection (left hand)
 m - an uncursed amulet of faith
 s - an uncursed ring of positive energy
 w - a ring of protection from fire (right hand)
 J - an uncursed ring of sustain attributes
 M - an uncursed ring of fire
Wands
 t - a wand of iceblast (9/15)
 G - a wand of lightning (6/15)
 L - a wand of acid (9/15)
 O - a wand of flame (39/48)
Scrolls
 c - 4 scrolls of remove curse
 g - a scroll of recharging
 h - 6 scrolls of teleportation
 n - 3 scrolls of blinking
 x - 4 scrolls of enchant weapon
 y - a scroll of fear
 C - 2 scrolls of immolation
 K - 5 scrolls of magic mapping
Potions
 a - 4 potions of magic
 d - 2 potions of brilliance
 e - 2 potions of haste
 k - 5 potions of curing
 l - a potion of might
 z - 5 potions of invisibility
 A - 3 potions of flight
 B - 2 potions of ambrosia
 D - a potion of lignification {unknown}
 E - a potion of resistance
 H - a potion of berserk rage {unknown}
 N - a potion of agility
Books
 I - a book of Ice

   Spells                             Type                      Level
   a - Ice Form                       Ice/Transmutation            4
   b - Metabolic Englaciation         Hexes/Ice                    5
   c - Ozocubu's Refrigeration        Ice                          6
   d - Bolt of Cold                   Conjuration/Ice              6
   e - Freezing Cloud                 Conjuration/Ice/Air          6
   f - Simulacrum                     Ice/Necromancy               6
 P - a book of Changes

   Spells                             Type                      Level
   a - Beastly Appendage              Transmutation                1
   b - Sticks to Snakes               Transmutation                2
   c - Spider Form                    Transmutation/Poison         3
   d - Ice Form                       Ice/Transmutation            4
   e - Blade Hands                    Transmutation                5
Comestibles
 b - 8 bread rations
 i - 4 meat rations
 r - 11 slices of pizza
 F - 3 beef jerkies


   Skills:
 + Level 8.9 Fighting
 - Level 8.1 Armour
 - Level 8.0 Dodging
 - Level 2.4 Stealth
 - Level 8.0 Unarmed Combat


You had 10 spell levels left.
You didn't know any spells.

Dungeon Overview and Level Annotations

Branches:
Dungeon (11/15)            Temple (0/1) D:4            Lair (0/8) D:9
    Orc (0/2) D:10

Altars:
Cheibriados
Dithmenos
Nemelex Xobeh
Okawaru
Qazlal
Trog
Vehumet
Yredelemnul
Zin
The Shining One

Shops:
D:8 [

Annotations:
D:10 Maud


Innate Abilities, Weirdness & Mutations

You have razor-sharp teeth.
You heal very quickly.
When hurt, damage is shared between your health and your magic reserves.
Your bite disrupts and absorbs the magic of your enemies.
Potions and wands cannot restore your health.
You are immune to rotting.


Message History

"...number among the agents of filth?
Come before me, that..."
The white ugly thing barely misses you.
You hit the white ugly thing. Your bite misses the white ugly thing.
The white ugly thing is lightly wounded. "...I may purify you now for your uncleanliness!'" You finish reciting Abominations 9:2.
The white ugly thing tail-slaps you but does no damage.
You punch the white ugly thing!
The white ugly thing is moderately wounded.
The white ugly thing tail-slaps you! The white ugly thing freezes you!!
You punch the white ugly thing! You bite the white ugly thing.
You drain its power.
You feel invigorated.
The white ugly thing is heavily wounded.
The white ugly thing tail-slaps you. The white ugly thing freezes you!!
* * * LOW HITPOINT WARNING * * *
The white ugly thing tail-slaps you!
* * * LOW HITPOINT WARNING * * *
The white ugly thing freezes you!!
Ouch! That really hurt!
You die...

# # #### ....
....################
...................#
...........#####...######
...........#...#u.......#
...........#...#@.......####
.........).#...'...........#
#..........#...#...........#
#..........#...#...........#
'..........#####...........#
#..........................#
#........########..........#
#.#####..#......#..........#
#.# #..#......#..........#


You could see a white ugly thing.

Vanquished Creatures
  3 trolls
  Prince Ribbit (D:7)
  A shadow (D:11)
  The ghost of eragonby the Destroyer, an amateur DECj of Vehumet (Ossuary)
  3 wyverns
  3 yaks (D:11)
  A human (D:8)
  3 hippogriffs
  A hungry ghost (D:9)
  2 mottled dragons (D:11)
  3 ice beasts
  2 sky beasts
  3 orc warriors
  3 phantoms
  4 ogres
  2 wolves (D:9)
  3 centaurs
  A big kobold (D:9)
  6 giant frogs
  A wyvern zombie (D:9)
  A water moccasin zombie (Ossuary)
  3 scorpions
  10 killer bees
  6 wights (D:9)
  2 electric eels (D:9)
  A vampire bat (D:4)
  4 howler monkeys
  10 crimson imps
  3 bog bodies (Ossuary)
  3 centaur zombies (Ossuary)
  3 jellies
  3 giant frog zombies
  8 hounds
  A gnoll shaman (D:5)
  6 orc priests
  7 orc wizards
  A giant frog skeleton (D:8)
  7 iguanas
  8 worker ants
  2 killer bee zombies
  4 sheep (D:8)
  4 hound zombies (Ossuary)
  12 mummies
  6 worker ant zombies
  10 adders
  7 gnolls
  6 shadow imps
  2 white imps (D:11)
  2 adder zombies (Ossuary)
  2 adder skeletons
  5 worms
  2 dart slugs
  6 giant geckos
  41 orcs
  9 bats
  A giant cockroach (D:6)
  2 gnoll zombies (D:8)
  8 goblins
  3 hobgoblins
  16 jackals
  15 kobolds
  7 quokkas
  9 ball pythons
  A giant cockroach zombie (Ossuary)
  A giant gecko skeleton (D:4)
  3 giant gecko zombies (Ossuary)
  8 giant newts
  A jackal skeleton (D:4)
  2 quokka zombies (Ossuary)
  7 rats
  A plant (Sewer)
339 creatures vanquished.

Notes
Turn   | Place    | Note
--------------------------------------------------------------
     0 | D:1      | HaroldButt the Vine Stalker Monk began the quest for the Orb.
     0 | D:1      | Reached XP level 1. HP: 11/11 MP: 2/2
   703 | D:2      | Reached XP level 2. HP: 16/16 MP: 3/3
   738 | D:2      | Found a faded altar to an unknown god.
   780 | D:2      | Became a worshipper of Zin the Law-Giver
   780 | D:2      | Reached * piety under Zin
   780 | D:2      | Reached ** piety under Zin
   780 | D:2      | Reached *** piety under Zin
   962 | D:2      | Reached XP level 3. HP: 19/19 MP: 4/4
  1125 | D:2      | Donated 22 gold pieces to Zin
  1132 | D:2      | Found an iron altar of Okawaru.
  1139 | D:2      | Reached skill level 1 in Armour
  1353 | D:3      | Reached XP level 4. HP: 22/23 MP: 5/5
  1429 | D:3      | Reached XP level 5. HP: 25/27 MP: 6/6
  1777 | D:3      | Donated 38 gold pieces to Zin
  1870 | D:3      | Reached **** piety under Zin
  2299 | D:2      | Gained mutation: You heal very quickly. [Vine Stalker growth]
  2299 | D:2      | Reached XP level 6. HP: 29/32 MP: 7/7
  2467 | D:4      | Found a sand-covered staircase.
  2481 | Ossuary  | Entered an ossuary
  2564 | Ossuary  | Noticed eragonby's ghost (amateur DECj)
  2587 | Ossuary  | Reached skill level 5 in Armour
  2602 | Ossuary  | Killed eragonby's ghost
  2602 | Ossuary  | Reached XP level 7. HP: 26/35 MP: 8/8
  2722 | Ossuary  | Gained mutation: You have razor-sharp teeth. [Vine Stalker growth]
  2722 | Ossuary  | Reached XP level 8. HP: 33/39 MP: 9/9
  2747 | Ossuary  | Reached ***** piety under Zin
  2980 | D:4      | Found a glowing drain.
  2992 | Sewer    | Entered a sewer
  3068 | Sewer    | Reached skill level 5 in Dodging
  3668 | D:4      | Found a staircase to the Ecumenical Temple.
  4326 | D:5      | Entered Level 5 of the Dungeon
  4411 | D:5      | Reached skill level 5 in Fighting
  4505 | D:5      | Reached skill level 5 in Unarmed Combat
  4628 | D:5      | Reached XP level 9. HP: 40/47 MP: 10/10
  5138 | D:6      | Found a snail-covered altar of Cheibriados.
  5897 | D:7      | Noticed Prince Ribbit
  5906 | D:7      | Killed Prince Ribbit
  5987 | D:7      | Found a bloodstained altar of Trog.
  6363 | D:8      | Found a stormy altar of Qazlal.
  6364 | D:8      | Found a shadowy altar of Dithmenos.
  6372 | D:8      | Found a glowing golden altar of the Shining One.
  6421 | D:8      | Found a basalt altar of Yredelemnul.
  6452 | D:8      | Found Fuysi's Armour Emporium.
  6570 | D:8      | Reached XP level 10. HP: 51/51 MP: 11/11
  6668 | D:8      | Found a sparkling altar of Nemelex Xobeh.
  7450 | D:9      | Found a staircase to the Lair.
  7712 | D:9      | Found a radiant altar of Vehumet.
  7815 | D:9      | Reached ****** piety under Zin
  8183 | D:10     | Entered Level 10 of the Dungeon
  8291 | D:9      | Reached XP level 11. HP: 48/58 MP: 12/12
  8621 | D:10     | Noticed Maud
  8622 | D:10     | Found a staircase to the Orcish Mines.
  9380 | D:11     | Noticed a white ugly thing
  9397 | D:11     | Annihilated by a white ugly thing

Skill      XL: |  1  2  3  4  5  6  7  8  9 10 11 |
---------------+----------------------------------+-----
Armour         | 2 3 4 5 7 8 |  8.1
Dodging        | 4 5 8 |  8.0
Fighting       | 5 6 8 |  8.9
Unarmed Combat | 6 8 |  8.0
Stealth        | |  2.4

Action                   |  1- 3 |  4- 6 |  7- 9 | 10-12 || total
-------------------------+-------+-------+-------+-------++-------
Melee: Unarmed           |   110 |   216 |   544 |   546 ||  1416
       Bite              |    27 |    88 |   190 |   216 ||   521
       Punch             |     5 |     8 |    23 |    29 ||    65
Invok: Donate Gold       |     1 |     1 |       |       ||     2
       Recite            |       |     1 |       |     1 ||     2
  Use: Scroll            |     5 |     3 |     9 |     6 ||    23
       Potion            |       |     1 |     7 |     1 ||     9
 Stab: Sleeping          |     3 |     2 |     4 |     2 ||    11
       Distracted        |     1 |     1 |       |       ||     2
  Eat: Chunk             |     1 |     4 |    11 |     6 ||    22
       Royal jelly       |       |       |     1 |       ||     1
       Fruit             |       |       |     4 |       ||     4
       Beef jerky        |       |       |       |     1 ||     1
Armor: Robe              |    27 |    13 |       |       ||    40
       Ring mail         |       |    43 |   155 |   181 ||   379
Dodge: Dodged            |    49 |   103 |   302 |   404 ||   858
